 Dungeon Crawl Stone Soup version 0.30-a0-643-g638baaf3f0 (webtiles) character file.

Game seed: 17266368930633775208

1610483 EnegeticOcto the Bringer of Light (level 25, 203/203 HPs)
             Began as a Gnoll Ice Elementalist on Jan 16, 2023.
             Was the Champion of the Shining One.
             Escaped with the Orb
             ... and 3 runes!
             The game lasted 02:19:14 (69109 turns).

EnegeticOcto the Bringer of Light (GnIE)           Turns: 69109, Time: 02:19:15

Health: 203/203    AC: 19    Str: 16    XL:     25   Next: 83%
Magic:  36/45      EV: 31    Int: 27    God:    the Shining One [******]
Gold:   3240       SH: 16    Dex: 15    Spells: 0/60 levels left

rFire   + + .      SeeInvis .    b - staff of fire
rCold   + . .      Faith    .    R - +2 kite shield {rC+}
rNeg    + + +      Spirit   .    M - +1 leather armour of Vuoprump {rElec Str+2 Stlth-}
rPois   .          Reflect  .    h - +2 helmet
rElec   +          Harm     .    j - +2 cloak {rCorr}
rCorr   +          Rampage  .    i - +2 pair of gloves
Will    +++..                    N - +0 pair of boots "Xedink" {Drain rF+ Str+2}
Stlth   +                        k - amulet of magic regeneration
HPRegen 0.53/turn                D - ring "Oskun" {rN+ Will+ Str+4 Int+3}
MPRegen 0.69/turn                U - ring of the Hare {EV+10}

@: glowing, studying Fire Magic
A: fangs 1, strong nose, distributed training, strong-willed 1, subdued magic 1
0: Orb of Zot
}: 3/15 runes: decaying, serpentine, silver
a: Renounce Religion, Divine Shield, Cleansing Flame, Summon Divine Warrior


You escaped.
You worshipped the Shining One.
The Shining One was exalted by your worship.
You visited 10 branches of the dungeon, and saw 48 of its levels.
You visited 1 bazaar.

You collected 5752 gold pieces.
You spent 2512 gold pieces at shops.

Inventory:

Hand Weapons
 d - a +9 trishula of holy wrath (the Shining One gifted it to you on level 14 of the Dungeon)
 s - the +8 spear "Diuzol" {vamp, Will+}
   (You found it on level 5 of the Lair of Beasts)

   Will:      It increases your willpower.
   The Shining One disapproves of the use of such an item.
Missiles
 A - 25 boomerangs
 E - 13 curare-tipped darts (quivered)
 J - 4 throwing nets {!f}
Armour
 h - a +2 helmet (worn)
   (You took it off Robin on level 2 of the Dungeon)
 i - a +2 pair of gloves (worn)
   (You found it on level 1 of the Snake Pit)
 j - a +2 cloak of preservation (worn)
   (You acquired it on level 2 of the Depths)
 M - the +1 leather armour of Vuoprump (worn) {rElec Str+2 Stlth-}
   (You found it on level 3 of the Swamp)

   Str:       It affects your strength (+2).
   rElec:     It insulates you from electricity.
   Stlth:     It makes you less stealthy.
 N - the +0 pair of boots "Xedink" (worn) {Drain rF+ Str+2}
   (You found it on level 3 of the Elven Halls)

   Str:       It affects your strength (+2).
   rF:        It protects you from fire.
   Drain:     It drains your maximum health when unequipped.
 R - a +2 kite shield of cold resistance (worn)
   (You took it off a tengu warrior on level 1 of the Depths)
Magical Staves
 b - a staff of fire (weapon)
   (You found it on level 4 of the Snake Pit)
Jewellery
 k - an amulet of magic regeneration (around neck)
   (You found it on level 5 of the Dungeon)
 D - the ring "Oskun" (left hand) {rN+ Will+ Str+4 Int+3}
   (You took it off a deep elf annihilator on level 3 of the Elven Halls)

   [ring of positive energy]

   Str:       It affects your strength (+4).
   Int:       It affects your intelligence (+3).
   rN:        It protects you from negative energy.
   Will:      It increases your willpower.
 P - the ring of Luafreech {Wiz rPois Dex+6}
   (You acquired it on level 1 of the Elven Halls)

   [ring of wizardry]

   It improves your spell success rate.
   Dex:       It affects your dexterity (+6).
   rPois:     It protects you from poison.
 U - the ring of the Hare (right hand) {EV+10}
   (You took it off a yaktaur captain on level 5 of the Vaults)

   [ring of evasion]

   EV:        It affects your evasion (+10).
 Z - the ring "Seiluetz" {Drain rPois rF++ rN+ SInv}
   (You took it off a deep elf annihilator on level 5 of the Vaults)

   [ring of positive energy]

   rF:        It greatly protects you from fire.
   rPois:     It protects you from poison.
   rN:        It protects you from negative energy.
   SInv:      It lets you see invisible.
   Drain:     It drains your maximum health when unequipped.
Wands
 r - a wand of mindburst (17)
   (You found it on level 2 of the Swamp)
 v - a wand of digging (12) {@v3}
   (You found it on level 4 of the Snake Pit)
 w - a wand of roots (45) {@v2}
   (You found it on level 4 of the Dungeon)
 y - a wand of paralysis (41)
   (You took it off a gnoll sergeant on level 9 of the Dungeon)
 L - a wand of light (24) {@v1}
   (You found it on level 10 of the Dungeon)
 Q - a wand of polymorph (17)
   (You found it on level 1 of the Lair of Beasts)
Scrolls
 c - 4 scrolls of immolation
 e - 7 scrolls of fear {!r}
 m - 4 scrolls of poison
 n - 22 scrolls of teleportation {@r3 !r}
 o - 5 scrolls of vulnerability
 I - 4 scrolls of amnesia
 O - 6 scrolls of fog {!r}
 T - 9 scrolls of silence {!r}
 W - a scroll of blinking {@r4}
Potions
 f - 17 potions of heal wounds {@q2 !q}
 g - 8 potions of cancellation
 l - 5 potions of magic
 p - 26 potions of curing {@q1 !q}
 t - 14 potions of lignification {@q6}
 u - 10 potions of mutation
 x - 3 potions of resistance
 z - 6 potions of might {@q3 !q}
 B - 13 potions of ambrosia
 C - 7 potions of brilliance
 F - a potion of berserk rage
 G - 4 potions of haste {@q4 !q}
 H - 6 potions of attraction
Miscellaneous
 q - a phial of floods
   (You found it on level 5 of the Vaults)
 K - a lightning rod (4/4)
   (You found it on level 2 of the Snake Pit)
 S - a box of beasts
   (You found it on level 1 of the Lair of Beasts)
 V - a tin of tremorstones (2/2)
   (You found it on level 3 of the Elven Halls)
 Y - a phantom mirror
   (You found it on level 2 of the Snake Pit)


   Skills:
 + Level 17.8 Fighting
 + Level 17.8 Short Blades
 + Level 17.8 Long Blades
 + Level 17.8 Axes
 + Level 17.8 Maces & Flails
 + Level 17.8 Polearms
 + Level 17.8 Staves
 + Level 17.8 Ranged Weapons
 + Level 17.8 Throwing
 + Level 17.8 Armour
 + Level 18.3 Dodging
 + Level 18.2 Stealth
 + Level 17.8 Shields
 + Level 17.8 Unarmed Combat
 + Level 18.4 Spellcasting
 + Level 15.2 Conjurations
 + Level 15.2 Hexes
 + Level 15.2 Summonings
 + Level 15.2 Necromancy
 + Level 15.2 Translocations
 + Level 15.2 Transmutations
 + Level 15.5 Fire Magic
 + Level 16.6 Ice Magic
 + Level 15.2 Air Magic
 + Level 15.2 Earth Magic
 + Level 15.2 Poison Magic
 + Level 19.3 Invocations
 + Level 17.8 Evocations


You couldn't memorise any spells.
You knew the following spells:

 Your Spells              Type           Power      Damage    Failure   Level
a - Iron Shot             Conj/Erth      35%        9d7       1%          6
b - Spellforged Servitor  Conj/Summ      35%        N/A       4%          7
c - Statue Form           Tmut/Erth      46%        N/A       1%          6
d - Vhi's Electric Charg  Tloc/Air       100%       N/A       0%          3
e - Summon Ice Beast      Ice/Summ       71%        N/A       1%          4
f - Frozen Ramparts       Ice            100%       1d16      0%          3
g - Ozocubu's Armour      Ice            73%        N/A       0%          3
h - Stone Arrow           Conj/Erth      100%       3d13      0%          3
i - Conjure Ball Lightni  Conj/Air       35%        3x3d11    1%          6
j - Apportation           Tloc           100%       N/A       0%          1
k - Maxwell's Capacitive  Air            35%        ∞         34%         8
p - Passwall              Tmut/Erth      58%        N/A       0%          2
z - Irradiate             Conj/Tmut      35%        3d23      1%          5
V - Swiftness             Air            70%        N/A       0%          3

Your spell library contained the following spells:

 Spells                   Type           Power      Damage    Failure   Level
 Freeze                   Ice            100%       1d10      0%          1
 Magic Dart               Conj           100%       1d8       0%          1
 Sandblast                Erth           100%       2d20      0%          1
 Shock                    Conj/Air       100%       1d9       0%          1
 Sting                    Tmut/Pois      100%       1d8       0%          1
 Lesser Beckoning         Tloc           100%       N/A       0%          2
 Poisonous Vapours        Pois/Air       100%       N/A       0%          2
 Scorch                   Fire           100%       2d10      0%          2
 Searing Ray              Conj           100%       2d8       0%          2
 Static Discharge         Conj/Air       100%       2-7/arc   0%          2
 Call Canine Familiar     Summ           70%        N/A       0%          3
 Dazzling Flash           Conj/Hex       100%       N/A       0%          3
 Gell's Gravitas          Tloc           70%        N/A       0%          3
 Ignite Poison            Fire/Tmut/Pois 90%        N/A       0%          3
 Kindle Blastsparks       Fire/Tloc/Air  100%       2d18      0%          3
 Portal Projectile        Hex/Tloc       100%       N/A       0%          3
 Teleport Other           Tloc           70%        N/A       0%          3
 Tukima's Dance           Hex            70%        N/A       0%          3
 Airstrike                Air            35%        2d(5-21)  1%          4
 Animate Armour           Summ/Erth      100%       N/A       1%          4
 Dispel Undead            Necr           70%        3d24      1%          4
 Flame Wave               Conj/Fire      90%        2d19      1%          4
 Fulminant Prism          Conj/Hex       35%        3d18      1%          4
 Ice Form                 Ice/Tmut       71%        N/A       1%          4
 Iskenderun's Mystic Bla  Conj/Tloc      70%        2d14      1%          4
 Leda's Liquefaction      Hex/Erth       35%        N/A       1%          4
 Olgreb's Toxic Radiance  Pois           70%        N/A       1%          4
 Passage of Golubria      Tloc           70%        N/A       1%          4
 Summon Lightning Spire   Summ/Air       70%        N/A       1%          4
 Agony                    Necr           70%        N/A       1%          5
 Alistair's Intoxication  Tmut/Pois      46%        N/A       1%          5
 Arcjolt                  Conj/Air       35%        1d45      1%          5
 Blade Hands              Tmut           35%        N/A       1%          5
 Fireball                 Conj/Fire      45%        3d18      1%          5
 Freezing Cloud           Conj/Ice/Air   35%        6-21      1%          5
 Iskenderun's Battlesphe  Conj           70%        2d12      1%          5
 Lightning Bolt           Conj/Air       35%        1d53      1%          5
 Metabolic Englaciation   Hex/Ice        35%        N/A       1%          5
 Silence                  Hex/Air        35%        N/A       1%          5
 Summon Forest            Summ/Tloc      35%        N/A       1%          5
 Summon Mana Viper        Hex/Summ       70%        N/A       1%          5
 Yara's Violent Unravell  Hex/Tmut       35%        3d14      1%          5
 Dispersal                Tloc           35%        N/A       1%          6
 Simulacrum               Ice/Necr       35%        N/A       1%          6
 Summon Cactus Giant      Summ           35%        N/A       1%          6
 Ozocubu's Refrigeration  Ice            36%        4d15      2%          7
 Dragon Form              Tmut           35%        N/A       4%          7
 Orb of Destruction       Conj           35%        9d10      4%          7
 Disjunction              Tloc           35%        N/A       34%         8
 Lehudib's Crystal Spear  Conj/Erth      35%        10d9      34%         8
 Chain Lightning          Conj/Air       35%        3d46      99%         9
 Fire Storm               Conj/Fire      45%        8d11      99%         9
 Shatter                  Erth           35%        3d28*     99%         9


Dungeon Overview and Level Annotations

Branches:
Dungeon (15/15)            Temple (1/1) D:5            Lair (5/5) D:10
  Swamp (4/4) Lair:2        Snake (4/4) Lair:2        Slime (0/5) Lair:5
    Orc (2/2) D:12            Elf (3/3) Orc:2        Vaults (5/5) D:14
  Crypt (0/3) Vaults:2     Depths (4/4) D:15            Zot (5/5) Depths:4

Altars:
Ashenzari
Cheibriados
Dithmenos
Elyvilon
Fedhas
Gozag
Hepliaklqana
Kikubaaqudgha
Makhleb
Nemelex Xobeh
Okawaru
Qazlal
Ru
Sif Muna
Trog
Uskayaw
Vehumet
Wu Jian
Xom
Yredelemnul
Zin
The Shining One
Lugonu

Shops:
D:9 *   D:13 *   Orc:1 (   Orc:2 [(:?   Elf:3 :=:   Vaults:5 [   Depths:1 [
Depths:3 !

Portals:
Hell: Depths:1 Depths:2 Depths:3 Depths:4
Abyss: Lair:5 Depths:3 Depths:4
Pandemonium: Depths:1 Depths:2
Ziggurat: Depths:4
Trove: Vaults:2 (give +2 ice dragon scales)

Annotations:
Swamp:1 1 runed translucent door, exclusion: door, Ananasrisotto's ghost, journeyman TrCK
Snake:2 1 runed translucent door, exclusion: door, Punisog's ghost, adept DgEE
Elf:2 3 runed translucent doors
Vaults:3 1 runed translucent door, exclusion: door, Susobas's ghost, adept DsCj


Innate Abilities, Weirdness & Mutations

You have very sharp teeth.
Your uncanny sense of smell can sniff out nearby items.
Your experience applies equally to all skills.
You are strong-willed. (Will+)
Your spells are a little easier to cast, but a little less powerful.


Message History

(P) Snake Pit (M) Slime Pits (O) Orcish Mines (E) Elven Halls (V) Vaults (C) Crypt (U) Depths (H) Hell (Z) Zot
Where to? (Enter - D:1 @ (x,y), ? - help)
Your magical contamination has completely faded away.
There is a stone staircase leading up here.
You climb upwards.
There is a stone staircase leading down here.
There is a stone staircase leading up here.
You climb upwards.
There is a stone staircase leading down here.
There is an escape hatch in the floor here.
There is a stone staircase leading up here.
You climb upwards.
There is a stone staircase leading down here.
A profane servitor comes into view.
It is wielding a +2 demon whip of draining.
There is a stone staircase leading up here.
You climb upwards.
There is a stone staircase leading down here.
(D) Dungeon (T) Temple (L) Lair (S) Swamp (P) Snake Pit (M) Slime Pits (O) Orcish Mines (E) Elven Halls (V) Vaults (C) Crypt (U) Depths (H) Hell (Z) Zot
Where to? (Enter - D:1 @ (x,y), ? - help)
Okay, then.
(D) Dungeon (T) Temple (L) Lair (S) Swamp (P) Snake Pit (M) Slime Pits (O) Orcish Mines (E) Elven Halls (V) Vaults (C) Crypt (U) Depths (H) Hell (Z) Zot
Where to? (Enter - D:1 @ (x,y), ? - help)
You see here a +0 leather armour.
A rakshasa comes into view. It is wielding a +0 long sword.
Casting: Iron Shot (mildly dangerous; 1% risk of failure)
Confirm with . or Enter, or press ? or * to list all spells.
Aiming: Iron Shot (mildly dangerous; 1% risk of failure)
Press: ? - help, Shift-Dir - straight line, f - rakshasa
Aim: a rakshasa, wielding a +0 long sword and wearing a +0 robe (haloed, 73% to hit)
The iron shot hits the rakshasa!!
The rakshasa is moderately wounded.
Casting: Iron Shot (mildly dangerous; 1% risk of failure)
Confirm with . or Enter, or press ? or * to list all spells.
Aiming: Iron Shot (mildly dangerous; 1% risk of failure)
Press: ? - help, Shift-Dir - straight line, f/p - rakshasa
Aim: a rakshasa, wielding a +0 long sword and wearing a +0 robe (moderately wounded, haloed, 73% to hit)
The iron shot hits the rakshasa!!
The rakshasa is severely wounded.
Casting: Iron Shot (mildly dangerous; 1% risk of failure)
Confirm with . or Enter, or press ? or * to list all spells.
Aiming: Iron Shot (mildly dangerous; 1% risk of failure)
Press: ? - help, Shift-Dir - straight line, f/p - rakshasa
Aim: a rakshasa, wielding a +0 long sword and wearing a +0 robe (severely wounded, haloed, 73% to hit)
The iron shot hits the rakshasa!
The rakshasa is almost dead.
Casting: Iron Shot (mildly dangerous; 1% risk of failure)
Confirm with . or Enter, or press ? or * to list all spells.
Aiming: Iron Shot (mildly dangerous; 1% risk of failure)
Press: ? - help, Shift-Dir - straight line, f/p - rakshasa
Aim: a rakshasa, wielding a +0 long sword and wearing a +0 robe (almost dead, haloed, 73% to hit)
The iron shot hits the rakshasa!!!
You kill the rakshasa!
The Shining One accepts your kill.
You feel your power returning.
(D) Dungeon (T) Temple (L) Lair (S) Swamp (P) Snake Pit (M) Slime Pits (O) Orcish Mines (E) Elven Halls (V) Vaults (C) Crypt (U) Depths (H) Hell (Z) Zot
Where to? (Enter - D:1 @ (x,y), ? - help)
Things that are here:
a +0 robe; a +0 long sword
There is a stone staircase leading up here.
You climb upwards.
There is a stone staircase leading down here.
There is a stone staircase leading up here.
Magic restored.
There is a stone staircase leading up here.
You climb upwards.
There is a stone staircase leading down here.
There is a stone staircase leading up here.
You climb upwards.
There is a stone staircase leading down here.
An ice devil comes into view.
There is an open door here.
Unknown command.
Casting: Iron Shot (mildly dangerous; 1% risk of failure)
Confirm with . or Enter, or press ? or * to list all spells.
Aiming: Iron Shot (mildly dangerous; 1% risk of failure)
Press: ? - help, Shift-Dir - straight line, f - ice devil
Aim: an ice devil (haloed, 82% to hit)
The iron shot hits the ice devil!!
The ice devil is heavily wounded.
Casting: Iron Shot (mildly dangerous; 1% risk of failure)
Confirm with . or Enter, or press ? or * to list all spells.
Aiming: Iron Shot (mildly dangerous; 1% risk of failure)
Press: ? - help, Shift-Dir - straight line, f/p - ice devil
Aim: an ice devil (heavily wounded, haloed, 82% to hit)
The iron shot hits the ice devil!!
You kill the ice devil!
The Shining One accepts your kill.
There is a staircase leading out of the dungeon here.
You have escaped!

###########
#.........#########
#####.@................
#>..'........#########.
#####........## #....
#.....#...## #....
#####....###...## #...÷
#..####.## ##...###....
#..# #.# ##...##....
#..####.#######...#....
#................#.....


There were no monsters in sight!

Vanquished Creatures
  A dread lich (Vaults:5)
  An ancient lich (Vaults:5)
  Frederick (Depths:4)
  A caustic shrike (Depths:3)
  Xtahua (Depths:4)
  2 golden dragons (Vaults:5)
  A profane servitor (D:9)
  A bone dragon (Depths:4)
  A Tzitzimitl (Depths:2)
  Jorgrun (D:14)
  10 tentacled monstrosities
  Rupert (D:14)
  4 Orb Guardians
  Asterion (Vaults:3)
  4 liches
  2 deep elf blademasters (Elf:3)
  A walking divine tome (Depths:2)
  4 titans
  2 death cobs (Zot:2)
  Frances (D:14)
  2 deep elf master archers (Elf:3)
  3 shadow dragons
  Kirke (Swamp:4)
  Donald (Snake:1)
  5 tengu reavers
  4 sphinxes
  12 nagarajas
  2 storm dragons
  A fenstrider witch (Swamp:3)
  Roxanne (Elf:3)
  2 thorn hunters (Swamp:4)
  2 draconian knights (Zot:1)
  2 draconian monks
  4 fire giants
  14 vault wardens
  2 frost giants
  6 deep elf sorcerers
  A draconian scorcher (Zot:5)
  2 draconian stormcallers
  A ghost moth (Zot:5)
  A cacodemon (Depths:4)
  4 deep elf elementalists (Elf:3)
  2 draconian annihilators
  2 orc warlords
  2 ghouls
  A war gargoyle (Vaults:4)
  10 stone giants
  17 ironbound preservers
  11 very ugly things
  10 ironbound thunderhulks
  3 vampire knights
  Nessos (D:14)
  3 green draconians
  2 eleionomae
  10 deep elf demonologists
  3 red draconians
  A black draconian (Zot:5)
  26 dire elephants
  4 spark wasps (Depths:2)
  7 deep elf annihilators
  A bunyip (Swamp:4)
  6 yellow draconians
  3 purple draconians
  A bunyip (shapeshifter) (Vaults:5)
  A white draconian (Zot:1)
  7 deep elf death magi
  A crystal guardian (Vaults:3)
  3 shambling mangroves (Swamp:4)
  20 yaktaur captains
  A green death (D:13)
  An ettin (shapeshifter) (Lair:5)
  4 fire dragons
  7 ettins
  8 deep elf high priests
  5 great orbs of eyes
  Harold (D:9)
  4 rakshasas
  Erolcha (D:10)
  21 hydras
  4 ghost crabs
  3 salamander tyrants
  2 spriggan air magi (Swamp:4)
  11 centaur warriors
  6 ice dragons
  25 vault guards
  12 ironbound frosthearts
  3 peacekeepers
  3 alligators
  4 ogre magi (Orc:2)
  A catoblepas (D:13)
  7 anacondas
  16 two-headed ogres
  4 boulder beetles
  18 dancing weapons
  10 naga warriors
  7 tengu warriors
  11 death yaks
  2 spriggan berserkers
  4 deep troll shamans
  A thrashing horror (Lair:5)
  9 naga sharpshooters
  11 shock serpents
  A vampire mage (Depths:2)
  6 deep troll earth magi
  Amaemon (Lair:2)
  Urug (D:14)
  A soul eater (Depths:2)
  6 deep elf knights
  8 goliath frogs
  8 iron trolls
  2 sixfirhies (Depths:4)
  3 salamander mystics (Snake:3)
  2 shadow demons
  A sea snake (Snake:4)
  3 glowing orange brains
  2 spriggan druids
  50 deep trolls
  11 deep elf archers
  22 deep elf zephyrmancers
  22 ironbound convokers
  11 lindwurms
  3 bog bodies (Swamp:1)
  4 naga ritualists
  9 swamp dragons
  2 phantasmal warriors
  13 mana vipers
  7 harpies
  4 necromancers
  3 wizards
  8 orc knights
  25 deep elf pyromancers
  25 ugly things
  An iron dragon zombie (Depths:2)
  A shadow dragon skeleton (Depths:2)
  A stone giant zombie (Vaults:3)
  17 salamanders
  6 will-o-the-wisps
  9 cyclopes
  A moth of wrath (shapeshifter) (Vaults:5)
  3 manticores
  4 elephants (Lair:1)
  5 moths of wrath
  5 guardian serpents
  15 naga magi
  31 black mambas
  19 vault sentinels
  A smoke demon (Lair:5)
  2 gargoyles
  2 human skeletons (Vaults:1)
  2 orange demons
  2 torpor snails
  A hellion (D:11)
  9 cane toads
  9 unseen horrors
  A rime drake (Lair:2)
  A tormentor (Depths:1)
  7 komodo dragons
  42 yaktaurs
  5 tengu conjurers
  A kobold demonologist (D:10)
  2 ice devils
  4 efreet
  A bloated husk (Swamp:1)
  An elf skeleton (Vaults:3)
  A freezing wraith (Vaults:1)
  3 trolls
  2 yaktaur skeletons (Vaults:1)
  An ancient zyme (Lair:5)
  A guardian mummy (Vaults:2)
  9 tyrant leeches
  3 meliai (Lair:4)
  A queen bee (Lair:4)
  9 hornets
  3 polar bears
  23 blink frogs
  4 large abominations
  A blink frog (shapeshifter) (D:15)
  A frost giant simulacrum (Depths:2)
  A stone giant simulacrum (Vaults:3)
  A human simulacrum (Vaults:3)
  A fire giant simulacrum (Depths:2)
  3 dream sheep (Lair:1)
  22 slime creatures
  2 ynoxinuls (Lair:5)
  2 air elementals (Elf:1)
  A slime creature (shapeshifter) (Vaults:3)
  7 spriggans
  7 water elementals
  2 shadows
  3 wyverns
  A vampire (D:11)
  47 yaks
  An ettin skeleton (Vaults:3)
  6 fire elementals
  2 elf simulacra (Vaults:3)
  3 basilisks
  16 humans (D:14)
  8 vampire mosquitoes
  12 small abominations
  7 chaos spawn
  7 swamp worms
  A human zombie (Vaults:3)
  47 nagas
  A steam dragon (D:10)
  13 water moccasins
  2 wargs (Orc:1)
  3 acid dragons
  A floating eye (Depths:3)
  Duvessa (D:7)
  3 black bears
  A glowing shapeshifter skeleton (Vaults:1)
  4 ice beasts
  A sky beast (D:6)
  16 orc warriors
  10 swamp drakes
  31 ogres
  8 boggarts
  18 wolves
  8 centaurs
  2 phantoms (D:6)
  4 kobold brigands
  12 bullfrogs
  4 gnoll sergeants
  3 scorpions
  3 necrophages
  4 earth elementals
  17 wights
  Dowan (D:7)
  16 killer bees (Lair:4)
  9 electric eels
  13 howler monkeys
  3 quasits (D:12)
  2 gnoll boudas (D:9)
  4 hounds
  6 orc priests
  A jelly (D:6)
  4 iguanas
  18 orc wizards
  Robin (D:2)
  6 adders
  24 gnolls
  A shadow imp (D:6)
  A white imp (D:6)
  An ufetubus (D:4)
  3 worms
  4 dart slugs
  33 orcs
  6 bats
  7 endoplasms
  3 giant cockroaches
  13 goblins
  8 hobgoblins
  3 jackals (D:9)
  23 kobolds
  4 quokkas
  7 ball pythons
  8 frilled lizards
  6 rats
  A spectral kobold (D:13)
  2 butterflies
1658 creatures vanquished.

Vanquished Creatures (collateral kills)
  An ancient lich (Vaults:5)
  A juggernaut (Depths:3)
  2 golden dragons
  A bone dragon (Depths:4)
  2 liches
  A walking earthen tome (Depths:3)
  4 tentacled monstrosities
  3 Orb Guardians (Zot:5)
  4 quicksilver dragons
  3 sphinxes
  An Executioner (D:8)
  2 titans (Depths:2)
  6 storm dragons
  4 tengu reavers
  A draconian monk (Zot:1)
  8 fire giants
  5 vault wardens (Vaults:5)
  3 frost giants
  Aizul (Snake:2)
  Louise (Swamp:3)
  2 ironbound preservers (Vaults:5)
  A draconian stormcaller (Zot:5)
  2 ghouls (Swamp:3)
  A draconian annihilator (Depths:4)
  2 war gargoyles (Vaults:5)
  A cacodemon (D:8)
  2 stone giants
  A vampire knight (Depths:2)
  13 very ugly things
  2 green draconians (Depths:4)
  A black draconian (Depths:4)
  A white draconian (Zot:1)
  3 yellow draconians
  A deep elf demonologist (Vaults:5)
  2 spark wasps
  A purple draconian (Zot:1)
  4 red draconians
  2 deep elf high priests (Vaults:5)
  A fire dragon (Depths:2)
  2 ettins (Vaults:5)
  5 yaktaur captains
  2 rakshasas (Depths:2)
  12 vault guards (Vaults:5)
  2 ice dragons
  2 spriggan air magi (Depths:2)
  An ironbound frostheart (Vaults:5)
  A two-headed ogre (D:8)
  3 deep troll shamans
  3 naga warriors
  2 deep troll earth magi
  A thrashing horror (Lair:5)
  A naga sharpshooter (Snake:2)
  2 hell knights
  A spriggan berserker (Depths:4)
  2 soul eaters (Depths:1)
  A sixfirhy (D:8)
  6 deep trolls
  3 iron trolls
  A bog body (Swamp:3)
  A sea snake (shapeshifter) (Depths:3)
  A spriggan druid (Swamp:3)
  A swamp dragon (Swamp:3)
  A deep elf archer (Vaults:5)
  A naga ritualist (Snake:1)
  2 harpies (Vaults:5)
  A wizard (Depths:2)
  A phantasmal warrior (Vaults:5)
  A wolf spider (Vaults:5)
  2 necromancers
  A deep elf pyromancer (Vaults:5)
  5 ugly things
  A manticore (D:11)
  A manticore (shapeshifter) (Vaults:5)
  A naga mage (Snake:1)
  5 moths of wrath
  2 black mambas
  An elephant (shapeshifter) (Vaults:5)
  2 rust devils
  3 vault sentinels (Vaults:5)
  3 cane toads
  2 yaktaurs
  A freezing wraith (Vaults:5)
  An ice devil (Depths:2)
  A bloated husk (Swamp:3)
  A wind drake (Zot:3)
  A hornet (shapeshifter) (Vaults:5)
  A dream sheep (shapeshifter) (Vaults:5)
  A blink frog (Lair:5)
  A slime creature (D:13)
  4 yaks
  A ynoxinul (Lair:5)
  A vampire (D:11)
  2 basilisks (Lair:5)
  A chaos spawn (Depths:1)
  2 nagas (Snake:1)
  An acid dragon (D:8)
  3 water moccasins (D:10)
  3 swamp drakes (Swamp:3)
  2 small abominations (Lair:5)
  A kobold brigand (D:10)
  2 howler monkeys
  A hound (D:9)
  A jelly (D:7)
  An orc wizard (D:7)
  3 gnolls (D:9)
  3 orcs (D:7)
  A jackal (D:9)
  A kobold (D:8)
  6 ball lightnings
237 creatures vanquished.

Vanquished Creatures (others)
  A vault guard (Vaults:5)
  A deep elf zephyrmancer (Elf:1)
  A bloated husk (Swamp:3)
  A spriggan (Swamp:3)
  A human (D:10)
  A dart slug (D:5)
  1053 ball lightnings
  A demonic plant (D:12)
  20 foxfires
  64 fungi
  59 plants
1203 creatures vanquished.

Grand Total: 3098 creatures vanquished

Notes
Turn   | Place    | Note
-------+----------+-------------------------------------------
     0 | D:1      | EnegeticOcto the Gnoll Ice Elementalist began the quest for
                  | the Orb.
     0 | D:1      | Reached XP level 1. HP: 13/13 MP: 6/6
   118 | D:1      | Reached XP level 2. HP: 19/19 MP: 3/7
   320 | D:1      | Reached skill level 5 in Spellcasting
   320 | D:1      | Reached XP level 3. HP: 20/25 MP: 4/9
   463 | D:1      | Reached skill level 1 in Invocations
   725 | D:1      | Learned a level 3 spell: Frozen Ramparts
   729 | D:1      | Learned a level 3 spell: Ozocubu's Armour
   937 | D:2      | Reached skill level 1 in Fighting
   937 | D:2      | Reached skill level 1 in Short Blades
   937 | D:2      | Reached skill level 1 in Long Blades
   937 | D:2      | Reached skill level 1 in Axes
   937 | D:2      | Reached skill level 1 in Maces & Flails
   937 | D:2      | Reached skill level 1 in Polearms
   937 | D:2      | Reached skill level 1 in Staves
   937 | D:2      | Reached skill level 1 in Ranged Weapons
   937 | D:2      | Reached skill level 1 in Throwing
   937 | D:2      | Reached skill level 1 in Armour
   937 | D:2      | Reached skill level 1 in Shields
   937 | D:2      | Reached skill level 1 in Unarmed Combat
   937 | D:2      | Reached skill level 1 in Evocations
   994 | D:2      | Reached XP level 4. HP: 32/32 MP: 7/11
   998 | D:2      | Noticed Robin
  1005 | D:2      | Killed Robin
  1114 | D:2      | Found a faded altar of an unknown god.
  1119 | D:2      | Reached skill level 1 in Conjurations
  1119 | D:2      | Reached skill level 1 in Hexes
  1119 | D:2      | Reached skill level 1 in Summonings
  1119 | D:2      | Reached skill level 1 in Necromancy
  1119 | D:2      | Reached skill level 1 in Translocations
  1119 | D:2      | Reached skill level 1 in Transmutations
  1119 | D:2      | Reached skill level 1 in Fire Magic
  1119 | D:2      | Reached skill level 1 in Air Magic
  1119 | D:2      | Reached skill level 1 in Earth Magic
  1119 | D:2      | Reached skill level 1 in Poison Magic
  1337 | D:2      | Reached XP level 5. HP: 37/37 MP: 3/12
  1649 | D:3      | Found a shadowy altar of Dithmenos.
  1688 | D:3      | Learned a level 4 spell: Summon Ice Beast
  1868 | D:3      | Reached skill level 2 in Invocations
  2189 | D:4      | Reached XP level 6. HP: 42/44 MP: 9/13
  2360 | D:4      | Identified the +2 robe "Pixihet" {-Tele rN+ Str+4}
  2489 | D:4      | Reached skill level 2 in Fighting
  2489 | D:4      | Reached skill level 2 in Short Blades
  2489 | D:4      | Reached skill level 2 in Long Blades
  2489 | D:4      | Reached skill level 2 in Axes
  2489 | D:4      | Reached skill level 2 in Maces & Flails
  2489 | D:4      | Reached skill level 2 in Polearms
  2489 | D:4      | Reached skill level 2 in Staves
  2489 | D:4      | Reached skill level 2 in Ranged Weapons
  2489 | D:4      | Reached skill level 2 in Throwing
  2489 | D:4      | Reached skill level 2 in Armour
  2489 | D:4      | Reached skill level 5 in Dodging
  2489 | D:4      | Reached skill level 2 in Shields
  2489 | D:4      | Reached skill level 2 in Unarmed Combat
  2489 | D:4      | Reached skill level 2 in Evocations
  2686 | D:5      | Entered Level 5 of the Dungeon
  2694 | D:5      | Found a staircase to the Ecumenical Temple.
  2699 | Temple   | Entered the Ecumenical Temple
  2860 | Temple   | Became a worshipper of the Shining One
  3369 | D:5      | Reached XP level 7. HP: 49/50 MP: 11/15
  3683 | D:5      | Reached skill level 2 in Conjurations
  3683 | D:5      | Reached skill level 2 in Hexes
  3683 | D:5      | Reached skill level 2 in Summonings
  3683 | D:5      | Reached skill level 2 in Necromancy
  3683 | D:5      | Reached skill level 2 in Translocations
  3683 | D:5      | Reached skill level 2 in Transmutations
  3683 | D:5      | Reached skill level 2 in Fire Magic
  3683 | D:5      | Reached skill level 2 in Air Magic
  3683 | D:5      | Reached skill level 2 in Earth Magic
  3683 | D:5      | Reached skill level 2 in Poison Magic
  3696 | D:5      | Reached skill level 5 in Stealth
  3696 | D:5      | Reached skill level 3 in Invocations
  3934 | D:5      | Found a stormy altar of Qazlal.
  4054 | D:5      | Found a hide-covered altar of Uskayaw.
  4283 | D:5      | Found a snail-covered altar of Cheibriados.
  4284 | D:5      | Found a sparkling altar of Nemelex Xobeh.
  4409 | D:5      | Reached skill level 3 in Fighting
  4409 | D:5      | Reached skill level 3 in Short Blades
  4409 | D:5      | Reached skill level 3 in Long Blades
  4409 | D:5      | Reached skill level 3 in Axes
  4409 | D:5      | Reached skill level 3 in Maces & Flails
  4409 | D:5      | Reached skill level 3 in Polearms
  4409 | D:5      | Reached skill level 3 in Staves
  4409 | D:5      | Reached skill level 3 in Ranged Weapons
  4409 | D:5      | Reached skill level 3 in Throwing
  4409 | D:5      | Reached skill level 3 in Armour
  4409 | D:5      | Reached skill level 3 in Shields
  4409 | D:5      | Reached skill level 3 in Unarmed Combat
  4409 | D:5      | Reached skill level 3 in Evocations
  4411 | D:5      | Reached XP level 8. HP: 53/58 MP: 16/16
  4476 | D:6      | Found an opulent altar of Gozag.
  4542 | D:6      | Reached skill level 6 in Spellcasting
  4796 | D:6      | Learned a level 3 spell: Stone Arrow
  4889 | D:6      | Found an opulent altar of Gozag.
  4892 | D:6      | Found an opulent altar of Gozag.
  5132 | D:6      | Reached skill level 3 in Conjurations
  5132 | D:6      | Reached skill level 3 in Hexes
  5132 | D:6      | Reached skill level 3 in Summonings
  5132 | D:6      | Reached skill level 3 in Necromancy
  5132 | D:6      | Reached skill level 3 in Translocations
  5132 | D:6      | Reached skill level 3 in Transmutations
  5132 | D:6      | Reached skill level 3 in Fire Magic
  5132 | D:6      | Reached skill level 3 in Air Magic
  5132 | D:6      | Reached skill level 3 in Earth Magic
  5132 | D:6      | Reached skill level 3 in Poison Magic
  5132 | D:6      | Reached skill level 4 in Invocations
  5146 | D:6      | Found an opulent altar of Gozag.
  5320 | D:6      | Reached skill level 6 in Dodging
  5334 | D:6      | Reached XP level 9. HP: 65/65 MP: 6/18
  5364 | D:6      | Reached skill level 4 in Fighting
  5364 | D:6      | Reached skill level 4 in Short Blades
  5364 | D:6      | Reached skill level 4 in Long Blades
  5364 | D:6      | Reached skill level 4 in Axes
  5364 | D:6      | Reached skill level 4 in Maces & Flails
  5364 | D:6      | Reached skill level 4 in Polearms
  5364 | D:6      | Reached skill level 4 in Staves
  5364 | D:6      | Reached skill level 4 in Ranged Weapons
  5364 | D:6      | Reached skill level 4 in Throwing
  5364 | D:6      | Reached skill level 4 in Armour
  5364 | D:6      | Reached skill level 4 in Shields
  5364 | D:6      | Reached skill level 4 in Unarmed Combat
  5364 | D:6      | Reached skill level 4 in Evocations
  5421 | D:6      | Reached skill level 6 in Stealth
  5421 | D:6      | Reached skill level 8 in Ice Magic
  5681 | D:7      | Found a bloodstained altar of Trog.
  5720 | D:7      | Found a shimmering blue altar of Sif Muna.
  5724 | D:7      | Got Sif Muna's Vademecum on Dislocation
  5800 | D:7      | Reached skill level 5 in Invocations
  5847 | D:7      | Reached * piety under the Shining One
  6012 | D:7      | Reached skill level 7 in Spellcasting
  6015 | D:7      | Reached skill level 4 in Conjurations
  6015 | D:7      | Reached skill level 4 in Hexes
  6015 | D:7      | Reached skill level 4 in Summonings
  6015 | D:7      | Reached skill level 4 in Necromancy
  6015 | D:7      | Reached skill level 4 in Translocations
  6015 | D:7      | Reached skill level 4 in Transmutations
  6015 | D:7      | Reached skill level 4 in Fire Magic
  6015 | D:7      | Reached skill level 4 in Air Magic
  6015 | D:7      | Reached skill level 4 in Earth Magic
  6015 | D:7      | Reached skill level 4 in Poison Magic
  6017 | D:7      | Noticed Duvessa
  6048 | D:7      | Noticed Dowan
  6111 | D:7      | Killed Duvessa
  6134 | D:7      | Reached skill level 5 in Fighting
  6134 | D:7      | Reached skill level 5 in Short Blades
  6134 | D:7      | Reached skill level 5 in Long Blades
  6134 | D:7      | Reached skill level 5 in Axes
  6134 | D:7      | Reached skill level 5 in Maces & Flails
  6134 | D:7      | Reached skill level 5 in Polearms
  6134 | D:7      | Reached skill level 5 in Staves
  6134 | D:7      | Reached skill level 5 in Ranged Weapons
  6134 | D:7      | Reached skill level 5 in Throwing
  6134 | D:7      | Reached skill level 5 in Armour
  6134 | D:7      | Reached skill level 5 in Shields
  6134 | D:7      | Reached skill level 5 in Unarmed Combat
  6134 | D:7      | Reached skill level 5 in Evocations
  6134 | D:7      | Reached XP level 10. HP: 74/74 MP: 9/20
  6160 | D:7      | Killed Dowan
  6217 | D:7      | Reached skill level 7 in Dodging
  6242 | D:7      | Reached ** piety under the Shining One
  6806 | D:8      | Found the +7 mace of Variability {chaos, chain chaos}
  6807 | D:8      | Found a shimmering altar of Xom.
  6812 | D:8      | Reached skill level 6 in Invocations
  6868 | D:8      | Reached skill level 7 in Stealth
  7405 | D:8      | Noticed a two-headed ogre
  7410 | D:8      | Killed a two-headed ogre
  7710 | D:9      | Found a broken altar of Ashenzari.
  7747 | D:9      | Noticed Harold
  7766 | D:9      | Gained mutation: You sometimes lose your temper in combat.
                  | [potion of mutation]
  7766 | D:9      | Lost mutation: You sometimes lose your temper in combat.
                  | [potion of mutation]
  7770 | D:9      | Killed Harold
  7771 | D:9      | Reached skill level 6 in Fighting
  7771 | D:9      | Reached skill level 6 in Short Blades
  7771 | D:9      | Reached skill level 6 in Long Blades
  7771 | D:9      | Reached skill level 6 in Axes
  7771 | D:9      | Reached skill level 6 in Maces & Flails
  7771 | D:9      | Reached skill level 6 in Polearms
  7771 | D:9      | Reached skill level 6 in Staves
  7771 | D:9      | Reached skill level 6 in Ranged Weapons
  7771 | D:9      | Reached skill level 6 in Throwing
  7771 | D:9      | Reached skill level 6 in Armour
  7771 | D:9      | Reached skill level 6 in Shields
  7771 | D:9      | Reached skill level 6 in Unarmed Combat
  7771 | D:9      | Reached skill level 5 in Conjurations
  7771 | D:9      | Reached skill level 5 in Hexes
  7771 | D:9      | Reached skill level 5 in Summonings
  7771 | D:9      | Reached skill level 5 in Necromancy
  7771 | D:9      | Reached skill level 5 in Translocations
  7771 | D:9      | Reached skill level 5 in Transmutations
  7771 | D:9      | Reached skill level 5 in Fire Magic
  7771 | D:9      | Reached skill level 5 in Air Magic
  7771 | D:9      | Reached skill level 5 in Earth Magic
  7771 | D:9      | Reached skill level 5 in Poison Magic
  7771 | D:9      | Reached skill level 6 in Evocations
  7771 | D:9      | Reached XP level 11. HP: 47/81 MP: 22/22
  7872 | D:9      | Found Puokome's Assorted Antiques.
  7875 | D:9      | Bought a scroll of identify for 60 gold pieces
  7875 | D:9      | Bought a fuming green potion for 27 gold pieces
  7875 | D:9      | Bought a scroll of identify for 60 gold pieces
  7875 | D:9      | Bought a scroll of identify for 60 gold pieces
  7875 | D:9      | Bought a fuming yellow potion for 27 gold pieces
  7886 | D:9      | Learned a level 4 spell: Olgreb's Toxic Radiance
  7902 | D:9      | Reached *** piety under the Shining One
  7918 | D:9      | Reached skill level 8 in Spellcasting
  8069 | D:9      | Paralysed by a gnoll sergeant for 2 turns
  8239 | D:9      | Found a basalt altar of Yredelemnul.
  8242 | D:9      | Found a glowing silver altar of Zin.
  8796 | D:9      | Found a blossoming altar of Fedhas.
  8855 | D:9      | Reached skill level 9 in Ice Magic
  8855 | D:9      | Reached skill level 7 in Invocations
  9045 | D:9      | Found a white marble altar of Elyvilon.
  9273 | D:10     | Entered Level 10 of the Dungeon
  9320 | D:10     | Reached skill level 8 in Dodging
  9371 | D:10     | Found a staircase to the Lair.
  9575 | D:10     | Reached skill level 8 in Stealth
  9642 | D:10     | Reached **** piety under the Shining One
  9755 | D:10     | Found an ancient bone altar of Kikubaaqudgha.
  9977 | D:10     | Learned a level 5 spell: Iskenderun's Battlesphere
  9998 | D:10     | Noticed a two-headed ogre
 10004 | D:10     | Killed a two-headed ogre
 10078 | D:10     | Noticed Erolcha
 10087 | D:10     | Killed Erolcha
 10088 | D:10     | Reached skill level 7 in Fighting
 10088 | D:10     | Reached skill level 7 in Short Blades
 10088 | D:10     | Reached skill level 7 in Long Blades
 10088 | D:10     | Reached skill level 7 in Axes
 10088 | D:10     | Reached skill level 7 in Maces & Flails
 10088 | D:10     | Reached skill level 7 in Polearms
 10088 | D:10     | Reached skill level 7 in Staves
 10088 | D:10     | Reached skill level 7 in Ranged Weapons
 10088 | D:10     | Reached skill level 7 in Throwing
 10088 | D:10     | Reached skill level 7 in Armour
 10088 | D:10     | Reached skill level 7 in Shields
 10088 | D:10     | Reached skill level 7 in Unarmed Combat
 10088 | D:10     | Reached skill level 7 in Evocations
 10279 | Lair:1   | Entered Level 1 of the Lair of Beasts
 10303 | Lair:1   | Reached XP level 12. HP: 91/91 MP: 5/24
 10367 | Lair:1   | Reached skill level 6 in Conjurations
 10367 | Lair:1   | Reached skill level 6 in Hexes
 10367 | Lair:1   | Reached skill level 6 in Summonings
 10367 | Lair:1   | Reached skill level 6 in Necromancy
 10367 | Lair:1   | Reached skill level 6 in Translocations
 10367 | Lair:1   | Reached skill level 6 in Transmutations
 10367 | Lair:1   | Reached skill level 6 in Fire Magic
 10367 | Lair:1   | Reached skill level 6 in Air Magic
 10367 | Lair:1   | Reached skill level 6 in Earth Magic
 10367 | Lair:1   | Reached skill level 6 in Poison Magic
 10562 | Lair:1   | Reached skill level 8 in Invocations
 10670 | Lair:1   | Reached skill level 9 in Spellcasting
 11011 | Lair:1   | Reached skill level 9 in Dodging
 11523 | Lair:2   | Found a staircase to the Snake Pit.
 11660 | Lair:2   | Reached skill level 9 in Stealth
 11735 | Lair:2   | Noticed Amaemon
 11745 | Lair:2   | Killed Amaemon
 11746 | Lair:2   | Reached skill level 8 in Fighting
 11746 | Lair:2   | Reached skill level 8 in Short Blades
 11746 | Lair:2   | Reached skill level 8 in Long Blades
 11746 | Lair:2   | Reached skill level 8 in Axes
 11746 | Lair:2   | Reached skill level 8 in Maces & Flails
 11746 | Lair:2   | Reached skill level 8 in Polearms
 11746 | Lair:2   | Reached skill level 8 in Staves
 11746 | Lair:2   | Reached skill level 8 in Ranged Weapons
 11746 | Lair:2   | Reached skill level 8 in Throwing
 11746 | Lair:2   | Reached skill level 8 in Armour
 11746 | Lair:2   | Reached skill level 8 in Shields
 11746 | Lair:2   | Reached skill level 8 in Unarmed Combat
 11746 | Lair:2   | Reached skill level 8 in Evocations
 11911 | Lair:2   | Found a staircase to the Swamp.
 11919 | Lair:2   | Reached XP level 13. HP: 77/98 MP: 22/26
 12226 | Lair:2   | Reached skill level 9 in Invocations
 12363 | Lair:2   | Reached skill level 10 in Ice Magic
 12812 | Lair:3   | Reached skill level 7 in Conjurations
 12812 | Lair:3   | Reached skill level 7 in Hexes
 12812 | Lair:3   | Reached skill level 7 in Summonings
 12812 | Lair:3   | Reached skill level 7 in Necromancy
 12812 | Lair:3   | Reached skill level 7 in Translocations
 12812 | Lair:3   | Reached skill level 7 in Transmutations
 12812 | Lair:3   | Reached skill level 7 in Fire Magic
 12812 | Lair:3   | Reached skill level 7 in Air Magic
 12812 | Lair:3   | Reached skill level 7 in Earth Magic
 12812 | Lair:3   | Reached skill level 7 in Poison Magic
 13703 | Lair:4   | Reached ***** piety under the Shining One
 13713 | Lair:4   | Reached skill level 10 in Spellcasting
 13728 | Lair:4   | HP: 4/99 [water moccasin (2)]
 14064 | Lair:4   | Reached skill level 10 in Dodging
 14483 | Lair:4   | Reached skill level 9 in Fighting
 14483 | Lair:4   | Reached skill level 9 in Short Blades
 14483 | Lair:4   | Reached skill level 9 in Long Blades
 14483 | Lair:4   | Reached skill level 9 in Axes
 14483 | Lair:4   | Reached skill level 9 in Maces & Flails
 14483 | Lair:4   | Reached skill level 9 in Polearms
 14483 | Lair:4   | Reached skill level 9 in Staves
 14483 | Lair:4   | Reached skill level 9 in Ranged Weapons
 14483 | Lair:4   | Reached skill level 9 in Throwing
 14483 | Lair:4   | Reached skill level 9 in Armour
 14483 | Lair:4   | Reached skill level 9 in Shields
 14483 | Lair:4   | Reached skill level 9 in Unarmed Combat
 14483 | Lair:4   | Reached skill level 9 in Evocations
 14698 | Lair:4   | Reached skill level 10 in Stealth
 15279 | Lair:5   | Entered Level 5 of the Lair of Beasts
 15339 | Lair:5   | Reached XP level 14. HP: 108/108 MP: 9/28
 15345 | Lair:5   | Reached skill level 10 in Invocations
 15917 | Lair:5   | Found a staircase to the Slime Pits.
 16500 | Lair:5   | Reached skill level 8 in Conjurations
 16500 | Lair:5   | Reached skill level 8 in Hexes
 16500 | Lair:5   | Reached skill level 8 in Summonings
 16500 | Lair:5   | Reached skill level 8 in Necromancy
 16500 | Lair:5   | Reached skill level 8 in Translocations
 16500 | Lair:5   | Reached skill level 8 in Transmutations
 16500 | Lair:5   | Reached skill level 8 in Fire Magic
 16500 | Lair:5   | Reached skill level 8 in Air Magic
 16500 | Lair:5   | Reached skill level 8 in Earth Magic
 16500 | Lair:5   | Reached skill level 8 in Poison Magic
 17078 | Lair:5   | Reached ****** piety under the Shining One
 17335 | Lair:5   | Found a corrupted altar of Lugonu.
 17335 | Lair:5   | Found a one-way gate to the infinite horrors of the Abyss.
 17341 | Lair:5   | Identified the +8 spear "Diuzol" {vamp, Will+}
 17634 | D:11     | Reached skill level 11 in Spellcasting
 19177 | D:12     | Reached skill level 11 in Dodging
 19177 | D:12     | Reached skill level 11 in Ice Magic
 19214 | D:12     | Reached skill level 10 in Fighting
 19214 | D:12     | Reached skill level 10 in Short Blades
 19214 | D:12     | Reached skill level 10 in Long Blades
 19214 | D:12     | Reached skill level 10 in Axes
 19214 | D:12     | Reached skill level 10 in Maces & Flails
 19214 | D:12     | Reached skill level 10 in Polearms
 19214 | D:12     | Reached skill level 10 in Staves
 19214 | D:12     | Reached skill level 10 in Ranged Weapons
 19214 | D:12     | Reached skill level 10 in Throwing
 19214 | D:12     | Reached skill level 10 in Armour
 19214 | D:12     | Reached skill level 10 in Shields
 19214 | D:12     | Reached skill level 10 in Unarmed Combat
 19214 | D:12     | Reached skill level 10 in Evocations
 19236 | D:12     | Found a staircase to the Orcish Mines.
 19663 | D:12     | Reached XP level 15. HP: 115/115 MP: 11/30
 19851 | Orc:1    | Entered Level 1 of the Orcish Mines
 19866 | Orc:1    | Found Beryu's Weapon Shoppe.
 19980 | Orc:1    | Reached skill level 11 in Invocations
 20309 | Orc:2    | Entered Level 2 of the Orcish Mines
 20447 | Orc:2    | Found a staircase to the Elven Halls.
 20513 | Orc:2    | Found Sulufa's Weapon Shoppe.
 20514 | Orc:2    | Found Qefia's Antique Armour Shop.
 20517 | Orc:2    | Reached skill level 11 in Stealth
 20777 | Orc:2    | Found Sekuet's Book Shoppe.
 20777 | Orc:2    | Found Petsep Reix's Magic Scroll Boutique.
 20810 | Orc:2    | Bought a scroll of teleportation for 39 gold pieces
 20810 | Orc:2    | Bought a scroll of magic mapping for 97 gold pieces
 20810 | Orc:2    | Bought a scroll of teleportation for 39 gold pieces
 20812 | Orc:2    | Bought a book of Transfigurations for 680 gold pieces
 20818 | Orc:2    | Learned a level 5 spell: Irradiate
 21966 | D:13     | Found a hazy altar of Hepliaklqana.
 22448 | D:13     | Reached skill level 9 in Conjurations
 22448 | D:13     | Reached skill level 9 in Hexes
 22448 | D:13     | Reached skill level 9 in Summonings
 22448 | D:13     | Reached skill level 9 in Necromancy
 22448 | D:13     | Reached skill level 9 in Translocations
 22448 | D:13     | Reached skill level 9 in Transmutations
 22448 | D:13     | Reached skill level 9 in Fire Magic
 22448 | D:13     | Reached skill level 9 in Air Magic
 22448 | D:13     | Reached skill level 9 in Earth Magic
 22448 | D:13     | Reached skill level 9 in Poison Magic
 22518 | D:13     | Found Reummo's Mass Market.
 22756 | D:14     | Noticed Urug
 22756 | D:14     | Noticed Nessos
 22756 | D:14     | Noticed Jorgrun
 22756 | D:14     | Noticed Rupert
 22758 | D:14     | Killed Urug
 22762 | D:14     | Killed Jorgrun
 22762 | D:14     | Killed Nessos
 22768 | D:14     | Killed Rupert
 22943 | D:14     | Found a gate to the Vaults.
 22960 | D:14     | Identified a +3 trishula of holy wrath (a +1 demon trident
                  | of electrocution blessed by the Shining One)
 22960 | D:14     | Received a gift from the Shining One
 23207 | D:14     | Reached skill level 12 in Spellcasting
 23207 | D:14     | Reached XP level 16. HP: 64/124 MP: 18/32
 23832 | D:14     | Reached skill level 11 in Fighting
 23832 | D:14     | Reached skill level 11 in Short Blades
 23832 | D:14     | Reached skill level 11 in Long Blades
 23832 | D:14     | Reached skill level 11 in Axes
 23832 | D:14     | Reached skill level 11 in Maces & Flails
 23832 | D:14     | Reached skill level 11 in Polearms
 23832 | D:14     | Reached skill level 11 in Staves
 23832 | D:14     | Reached skill level 11 in Ranged Weapons
 23832 | D:14     | Reached skill level 11 in Throwing
 23832 | D:14     | Reached skill level 11 in Armour
 23832 | D:14     | Reached skill level 11 in Shields
 23832 | D:14     | Reached skill level 11 in Unarmed Combat
 23832 | D:14     | Reached skill level 11 in Evocations
 24102 | D:14     | Reached skill level 12 in Invocations
 24102 | D:14     | Noticed Frances
 24114 | D:14     | Killed Frances
 24432 | D:15     | Entered Level 15 of the Dungeon
 24502 | D:15     | Reached skill level 12 in Dodging
 25261 | D:15     | Found a staircase to the Depths.
 25409 | D:15     | Reached skill level 12 in Stealth
 25842 | Snake:1  | Entered Level 1 of the Snake Pit
 26510 | Snake:1  | Noticed Donald
 26519 | Snake:1  | Killed Donald
 28079 | Snake:2  | Noticed Aizul
 28080 | Snake:2  | Reached skill level 12 in Ice Magic
 28087 | Snake:2  | Killed Aizul
 28280 | Snake:2  | Identified the +4 chain mail of Bofeb {SInv}
 29142 | Snake:2  | Reached XP level 17. HP: 103/133 MP: 21/33
 29524 | Snake:2  | Found a runed translucent door.
 29526 | Snake:2  | Noticed Punisog's ghost (adept DgEE)
 29777 | Snake:2  | Reached skill level 10 in Conjurations
 29777 | Snake:2  | Reached skill level 10 in Hexes
 29777 | Snake:2  | Reached skill level 10 in Summonings
 29777 | Snake:2  | Reached skill level 10 in Necromancy
 29777 | Snake:2  | Reached skill level 10 in Translocations
 29777 | Snake:2  | Reached skill level 10 in Transmutations
 29777 | Snake:2  | Reached skill level 10 in Fire Magic
 29777 | Snake:2  | Reached skill level 10 in Air Magic
 29777 | Snake:2  | Reached skill level 10 in Earth Magic
 29777 | Snake:2  | Reached skill level 10 in Poison Magic
 30862 | Snake:3  | Reached skill level 13 in Invocations
 30928 | Snake:3  | Reached skill level 12 in Fighting
 30928 | Snake:3  | Reached skill level 12 in Short Blades
 30928 | Snake:3  | Reached skill level 12 in Long Blades
 30928 | Snake:3  | Reached skill level 12 in Axes
 30928 | Snake:3  | Reached skill level 12 in Maces & Flails
 30928 | Snake:3  | Reached skill level 12 in Polearms
 30928 | Snake:3  | Reached skill level 12 in Staves
 30928 | Snake:3  | Reached skill level 12 in Ranged Weapons
 30928 | Snake:3  | Reached skill level 12 in Throwing
 30928 | Snake:3  | Reached skill level 12 in Armour
 30928 | Snake:3  | Reached skill level 12 in Shields
 30928 | Snake:3  | Reached skill level 12 in Unarmed Combat
 30928 | Snake:3  | Reached skill level 12 in Evocations
 31485 | Snake:3  | Reached skill level 13 in Spellcasting
 32297 | Snake:3  | Reached skill level 13 in Dodging
 32649 | Snake:4  | Entered Level 4 of the Snake Pit
 33252 | Snake:4  | Identified the +7 plate armour of Xired {Dex+5}
 33699 | Snake:4  | Learned a level 5 spell: Fireball
 33743 | Snake:4  | Reached skill level 13 in Stealth
 34971 | Snake:4  | Reached XP level 18. HP: 76/141 MP: 22/35
 35432 | Snake:4  | Got a serpentine rune of Zot
 35628 | Swamp:1  | Entered Level 1 of the Swamp
 36420 | Swamp:1  | Found a runed translucent door.
 36421 | Swamp:1  | Found a shimmering altar of Xom.
 36421 | Swamp:1  | Noticed Ananasrisotto's ghost (journeyman TrCK)
 37302 | Swamp:3  | Paralysed by a fenstrider witch for 2 turns
 37521 | Swamp:3  | Noticed Louise
 37531 | Swamp:3  | Killed Louise
 37562 | Swamp:3  | Reached skill level 14 in Invocations
 37607 | Swamp:3  | Identified the +1 leather armour of Vuoprump {rElec Str+2
                  | Stlth-}
 37957 | Swamp:4  | Entered Level 4 of the Swamp
 38096 | Swamp:4  | Reached skill level 11 in Conjurations
 38096 | Swamp:4  | Reached skill level 11 in Hexes
 38096 | Swamp:4  | Reached skill level 11 in Summonings
 38096 | Swamp:4  | Reached skill level 11 in Necromancy
 38096 | Swamp:4  | Reached skill level 11 in Translocations
 38096 | Swamp:4  | Reached skill level 11 in Transmutations
 38096 | Swamp:4  | Reached skill level 11 in Fire Magic
 38096 | Swamp:4  | Reached skill level 11 in Air Magic
 38096 | Swamp:4  | Reached skill level 11 in Earth Magic
 38096 | Swamp:4  | Reached skill level 11 in Poison Magic
 38108 | Swamp:4  | Reached skill level 13 in Ice Magic
 38547 | Swamp:4  | Reached skill level 13 in Fighting
 38547 | Swamp:4  | Reached skill level 13 in Short Blades
 38547 | Swamp:4  | Reached skill level 13 in Long Blades
 38547 | Swamp:4  | Reached skill level 13 in Axes
 38547 | Swamp:4  | Reached skill level 13 in Maces & Flails
 38547 | Swamp:4  | Reached skill level 13 in Polearms
 38547 | Swamp:4  | Reached skill level 13 in Staves
 38547 | Swamp:4  | Reached skill level 13 in Ranged Weapons
 38547 | Swamp:4  | Reached skill level 13 in Throwing
 38547 | Swamp:4  | Reached skill level 13 in Armour
 38547 | Swamp:4  | Reached skill level 13 in Shields
 38547 | Swamp:4  | Reached skill level 13 in Unarmed Combat
 38547 | Swamp:4  | Reached skill level 13 in Evocations
 38946 | Swamp:4  | Reached skill level 14 in Spellcasting
 39184 | Swamp:4  | Reached XP level 19. HP: 149/149 MP: 28/37
 39367 | Swamp:4  | Reached skill level 14 in Dodging
 39390 | Swamp:4  | Identified the +10 trident of Jucurr {drain, rPois Int+2
                  | Dex+5}
 39628 | Swamp:4  | Noticed Kirke
 39634 | Swamp:4  | Killed Kirke
 39702 | Swamp:4  | Got a decaying rune of Zot
 39884 | Swamp:3  | Learned a level 6 spell: Conjure Ball Lightning
 40087 | Elf:1    | Entered Level 1 of the Elven Halls
 40095 | Elf:1    | Noticed a Tzitzimitl
 40096 | Elf:1    | Noticed a Brimstone Fiend
 40230 | Elf:1    | Gained mutation: Armour fits poorly on your strangely
                  | shaped body. [mutagenic glow]
 40299 | Orc:2    | Lost mutation: Armour fits poorly on your strangely shaped
                  | body. [potion of mutation]
 40299 | Orc:2    | Gained mutation: You are strong-willed. (Will+) [potion of
                  | mutation]
 40517 | Elf:1    | Reached skill level 14 in Stealth
 40670 | Elf:1    | Paralysed by an air elemental for 1 turns
 42059 | Elf:1    | Identified 2 scrolls of acquirement
 42060 | Elf:1    | Acquired a book of Winter
 42062 | Elf:1    | Acquired the ring of Luafreech {Wiz rPois Dex+6}
 42347 | Elf:1    | Got Taparphokk's Cyclopedia of the Shot and Adjuration
 42783 | Elf:2    | Found a runed translucent gate.
 42836 | Elf:2    | Found a runed translucent gate.
 42836 | Elf:2    | Found a runed translucent gate.
 43083 | Elf:2    | Identified the +2 pair of gloves of Uskayaw's Grace {Will-
                  | Str+2 Int+4}
 43452 | Elf:3    | Entered Level 3 of the Elven Halls
 43760 | Elf:3    | Identified Roxanne's Parchment of Amathomancy
 43760 | Elf:3    | Noticed Roxanne
 43842 | Elf:3    | Reached skill level 15 in Invocations
 44132 | Elf:3    | Found Ucveogit's Book Shop.
 44132 | Elf:3    | Found Ewufodakh's Jewellery Shoppe.
 44133 | Elf:3    | Found Emaxtev's Book Shop.
 44811 | Elf:3    | Killed Roxanne
 44920 | Elf:3    | Learned a level 6 spell: Statue Form
 45050 | Elf:3    | Reached XP level 20. HP: 158/158 MP: 18/38
 45314 | Elf:3    | Identified the ring "Oskun" {rN+ Will+ Str+4 Int+3}
 45318 | Elf:3    | Reached skill level 14 in Fighting
 45318 | Elf:3    | Reached skill level 14 in Short Blades
 45318 | Elf:3    | Reached skill level 14 in Long Blades
 45318 | Elf:3    | Reached skill level 14 in Axes
 45318 | Elf:3    | Reached skill level 14 in Maces & Flails
 45318 | Elf:3    | Reached skill level 14 in Polearms
 45318 | Elf:3    | Reached skill level 14 in Staves
 45318 | Elf:3    | Reached skill level 14 in Ranged Weapons
 45318 | Elf:3    | Reached skill level 14 in Throwing
 45318 | Elf:3    | Reached skill level 14 in Armour
 45318 | Elf:3    | Reached skill level 14 in Shields
 45318 | Elf:3    | Reached skill level 14 in Unarmed Combat
 45318 | Elf:3    | Reached skill level 14 in Evocations
 45685 | Elf:3    | Reached skill level 12 in Conjurations
 45685 | Elf:3    | Reached skill level 12 in Hexes
 45685 | Elf:3    | Reached skill level 12 in Summonings
 45685 | Elf:3    | Reached skill level 12 in Necromancy
 45685 | Elf:3    | Reached skill level 12 in Translocations
 45685 | Elf:3    | Reached skill level 12 in Transmutations
 45685 | Elf:3    | Reached skill level 12 in Fire Magic
 45685 | Elf:3    | Reached skill level 12 in Air Magic
 45685 | Elf:3    | Reached skill level 12 in Earth Magic
 45685 | Elf:3    | Reached skill level 12 in Poison Magic
 45765 | Elf:3    | Identified the +5 falchion "Fufaoxt" {antimagic, rElec
                  | Will- Str+3 Dex+3}
 45879 | Elf:3    | Identified the +0 pair of boots "Xedink" {Drain rF+ Str+2}
 45892 | Elf:3    | Identified the +5 shortbow of the Spectre {elec, rElec rN+
                  | Int+4}
 46157 | Vaults:1 | Entered Level 1 of the Vaults
 46405 | Vaults:1 | Reached skill level 15 in Spellcasting
 47111 | Vaults:1 | Learned a level 7 spell: Orb of Destruction
 47139 | Vaults:1 | Reached skill level 15 in Dodging
 47210 | Vaults:1 | Reached skill level 14 in Ice Magic
 47587 | Vaults:1 | Reached skill level 15 in Stealth
 48258 | Vaults:1 | Got the Almanac of the Cockroach
 48773 | Vaults:2 | Reached XP level 21. HP: 140/166 MP: 26/40
 48976 | Vaults:2 | Found a flickering gateway to a bazaar.
 48987 | Bazaar   | Entered a bazaar
 48987 | Bazaar   | Found Ukka's Antique Weapon Boutique.
 49018 | Bazaar   | Found Omileaj's Weapon Shop.
 49030 | Bazaar   | Found Aluokiah's Antique Weapon Shop.
 49040 | Bazaar   | Found Hiaj's Distillery.
 49045 | Bazaar   | Bought a potion of heal wounds for 85 gold pieces
 49045 | Bazaar   | Bought 2 potions of cancellation for 272 gold pieces
 49045 | Bazaar   | Bought 2 potions of curing for 102 gold pieces
 49079 | Bazaar   | Bought a smoking hand axe for 104 gold pieces
 49079 | Bazaar   | Identified the +8 hand axe of Debt {holy, rC+} (You bought
                  | it in a shop in a bazaar)
 49372 | Vaults:2 | Reached skill level 16 in Invocations
 49817 | Vaults:2 | Found a staircase to the Crypt.
 49817 | Vaults:2 | Found a basalt altar of Yredelemnul.
 49817 | Vaults:2 | Found an ancient bone altar of Kikubaaqudgha.
 49936 | Vaults:2 | Identified the +2 robe "Omawk" {rC+ Str+3}
 50019 | Vaults:2 | Found a radiant altar of Vehumet.
 50035 | Vaults:2 | Identified the +2 robe of Vampiric Thralls {+Blink +Inv
                  | rF+}
 50827 | Vaults:2 | Reached skill level 15 in Fighting
 50827 | Vaults:2 | Reached skill level 15 in Short Blades
 50827 | Vaults:2 | Reached skill level 15 in Long Blades
 50827 | Vaults:2 | Reached skill level 15 in Axes
 50827 | Vaults:2 | Reached skill level 15 in Maces & Flails
 50827 | Vaults:2 | Reached skill level 15 in Polearms
 50827 | Vaults:2 | Reached skill level 15 in Staves
 50827 | Vaults:2 | Reached skill level 15 in Ranged Weapons
 50827 | Vaults:2 | Reached skill level 15 in Throwing
 50827 | Vaults:2 | Reached skill level 15 in Armour
 50827 | Vaults:2 | Reached skill level 15 in Shields
 50827 | Vaults:2 | Reached skill level 15 in Unarmed Combat
 50827 | Vaults:2 | Reached skill level 15 in Evocations
 51074 | Vaults:2 | Found a portal to a secret trove of treasure.
 52635 | Vaults:3 | Reached skill level 16 in Spellcasting
 52635 | Vaults:3 | Reached skill level 13 in Conjurations
 52635 | Vaults:3 | Reached skill level 13 in Hexes
 52635 | Vaults:3 | Reached skill level 13 in Summonings
 52635 | Vaults:3 | Reached skill level 13 in Necromancy
 52635 | Vaults:3 | Reached skill level 13 in Translocations
 52635 | Vaults:3 | Reached skill level 13 in Transmutations
 52635 | Vaults:3 | Reached skill level 13 in Fire Magic
 52635 | Vaults:3 | Reached skill level 13 in Air Magic
 52635 | Vaults:3 | Reached skill level 13 in Earth Magic
 52635 | Vaults:3 | Reached skill level 13 in Poison Magic
 52817 | Vaults:3 | Reached XP level 22. HP: 175/175 MP: 34/42
 52985 | Vaults:3 | Noticed Asterion
 52987 | Vaults:3 | Killed Asterion
 53746 | Vaults:3 | Found a runed translucent door.
 53749 | Vaults:3 | Noticed Susobas's ghost (adept DsCj)
 53828 | Vaults:4 | Reached skill level 16 in Dodging
 54598 | Vaults:4 | Reached skill level 16 in Stealth
 54614 | Vaults:4 | Learned a level 2 spell: Passwall
 56047 | Elf:3    | Bought a ring of protection from fire for 500 gold pieces
 56738 | Depths:1 | Entered Level 1 of the Depths
 56813 | Depths:1 | Learned a level 6 spell: Iron Shot
 56822 | Depths:1 | Learned a level 7 spell: Spellforged Servitor
 57016 | Depths:1 | Found a one-way gate leading to the halls of Pandemonium.
 57067 | Depths:1 | Reached skill level 17 in Invocations
 57184 | Depths:1 | Found a gateway to Hell.
 57212 | Depths:1 | Reached skill level 15 in Ice Magic
 57424 | Depths:1 | Found Vuapyten's Armour Emporium.
 57773 | Depths:1 | Found a glowing silver altar of Zin.
 58258 | Depths:2 | Noticed a golden dragon
 58263 | Depths:2 | Killed a golden dragon
 58392 | Depths:2 | Reached XP level 23. HP: 183/183 MP: 18/43
 58464 | Depths:2 | Identified the +4 shortbow of Joffehinu {elec, rC- rN+
                  | Int+7}
 58475 | Depths:2 | Reached skill level 16 in Fighting
 58475 | Depths:2 | Reached skill level 16 in Short Blades
 58475 | Depths:2 | Reached skill level 16 in Long Blades
 58475 | Depths:2 | Reached skill level 16 in Axes
 58475 | Depths:2 | Reached skill level 16 in Maces & Flails
 58475 | Depths:2 | Reached skill level 16 in Polearms
 58475 | Depths:2 | Reached skill level 16 in Staves
 58475 | Depths:2 | Reached skill level 16 in Ranged Weapons
 58475 | Depths:2 | Reached skill level 16 in Throwing
 58475 | Depths:2 | Reached skill level 16 in Armour
 58475 | Depths:2 | Reached skill level 16 in Shields
 58475 | Depths:2 | Reached skill level 16 in Unarmed Combat
 58475 | Depths:2 | Reached skill level 16 in Evocations
 59332 | Depths:2 | Acquired a +2 cloak of preservation
 60091 | Depths:3 | Noticed a caustic shrike
 60095 | Depths:3 | Noticed a juggernaut
 60096 | Depths:3 | Killed a caustic shrike
 60105 | Depths:3 | Killed a juggernaut
 60373 | Depths:3 | Found Yrhet's Distillery.
 60448 | Depths:3 | Bought a potion of haste for 200 gold pieces
 60448 | Depths:3 | Bought a potion of mutation for 160 gold pieces
 60486 | Depths:3 | Was placed under penance by the Shining One
 60491 | Depths:3 | Reached skill level 17 in Spellcasting
 61165 | Depths:4 | Entered Level 4 of the Depths
 61298 | Depths:4 | Noticed Xtahua
 61304 | Depths:4 | Killed Xtahua
 61373 | Depths:4 | Found a gate to the Realm of Zot.
 61382 | Depths:4 | Was forgiven by the Shining One
 61383 | Depths:4 | Reached skill level 17 in Dodging
 61383 | Depths:4 | Reached skill level 14 in Conjurations
 61383 | Depths:4 | Reached skill level 14 in Hexes
 61383 | Depths:4 | Reached skill level 14 in Summonings
 61383 | Depths:4 | Reached skill level 14 in Necromancy
 61383 | Depths:4 | Reached skill level 14 in Translocations
 61383 | Depths:4 | Reached skill level 14 in Transmutations
 61383 | Depths:4 | Reached skill level 14 in Fire Magic
 61383 | Depths:4 | Reached skill level 14 in Air Magic
 61383 | Depths:4 | Reached skill level 14 in Earth Magic
 61383 | Depths:4 | Reached skill level 14 in Poison Magic
 61539 | Depths:4 | Noticed Frederick
 61545 | Depths:4 | Killed Frederick
 61635 | Depths:4 | Reached skill level 17 in Stealth
 61822 | Depths:4 | Found a one-way gateway to a ziggurat.
 62228 | Depths:4 | Reached skill level 18 in Invocations
 62228 | Depths:4 | Reached XP level 24. HP: 193/193 MP: 17/44
 62817 | Vaults:5 | Entered Level 5 of the Vaults
 63841 | Vaults:5 | Identified the +6 broad axe of Imbalance {vamp, rPois rC+}
 63987 | Vaults:5 | Noticed a dread lich
 64006 | Vaults:5 | Killed a dread lich
 64271 | Vaults:5 | Identified the +3 robe "Niesasseyni" {rC+ Str+3}
 64290 | Vaults:5 | Reached skill level 17 in Fighting
 64290 | Vaults:5 | Reached skill level 17 in Short Blades
 64290 | Vaults:5 | Reached skill level 17 in Long Blades
 64290 | Vaults:5 | Reached skill level 17 in Axes
 64290 | Vaults:5 | Reached skill level 17 in Maces & Flails
 64290 | Vaults:5 | Reached skill level 17 in Polearms
 64290 | Vaults:5 | Reached skill level 17 in Staves
 64290 | Vaults:5 | Reached skill level 17 in Ranged Weapons
 64290 | Vaults:5 | Reached skill level 17 in Throwing
 64290 | Vaults:5 | Reached skill level 17 in Armour
 64290 | Vaults:5 | Reached skill level 17 in Shields
 64290 | Vaults:5 | Reached skill level 17 in Unarmed Combat
 64290 | Vaults:5 | Reached skill level 17 in Evocations
 64392 | Vaults:5 | Noticed an ancient lich
 64407 | Vaults:5 | Killed an ancient lich
 64408 | Vaults:5 | Reached skill level 16 in Ice Magic
 64556 | Vaults:5 | Identified the ring "Seiluetz" {Drain rPois rF++ rN+ SInv}
 64602 | Vaults:5 | Identified the ring of the Furies {Fire rPois rN+}
 64609 | Vaults:5 | Identified the +0 chain mail of the Silversmith {rPois rC-
                  | rN+ Str+8}
 64943 | Vaults:5 | Noticed an ancient lich
 64950 | Vaults:5 | Killed an ancient lich
 64975 | Vaults:5 | Reached XP level 25. HP: 201/201 MP: 9/44
 65105 | Vaults:5 | Got a silver rune of Zot
 65303 | Vaults:5 | Reached skill level 18 in Spellcasting
 65376 | Vaults:5 | Got the Meditations on Ghoulish Places
 65500 | Vaults:5 | Identified the +6 mace of Arebemn {vamp, Str+4 Dex+4}
 65607 | Vaults:5 | Found Osig's Armour Shoppe.
 66021 | Elf:3    | Learned a level 1 spell: Apportation
 66030 | Elf:3    | Learned a level 8 spell: Maxwell's Capacitive Coupling
 66382 | Zot:1    | Entered Level 1 of the Realm of Zot
 66789 | Zot:1    | Reached skill level 18 in Dodging
 66958 | Zot:1    | Reached skill level 15 in Fire Magic
 67322 | Zot:3    | Noticed an orb of fire
 67374 | Zot:3    | Reached skill level 18 in Stealth
 67374 | Zot:3    | Reached skill level 19 in Invocations
 67508 | Zot:3    | Noticed Parghit
 67510 | Zot:3    | Parghit changed into Parghit the titan
 67510 | Zot:3    | Noticed Parghit
 67514 | Zot:3    | Reached skill level 15 in Conjurations
 67514 | Zot:3    | Reached skill level 15 in Hexes
 67514 | Zot:3    | Reached skill level 15 in Summonings
 67514 | Zot:3    | Reached skill level 15 in Necromancy
 67514 | Zot:3    | Reached skill level 15 in Translocations
 67514 | Zot:3    | Reached skill level 15 in Transmutations
 67514 | Zot:3    | Reached skill level 15 in Air Magic
 67514 | Zot:3    | Reached skill level 15 in Earth Magic
 67514 | Zot:3    | Reached skill level 15 in Poison Magic
 67519 | Zot:3    | Killed Parghit the titan
 67779 | Zot:3    | Learned a level 3 spell: Swiftness
 67783 | Zot:3    | Learned a level 3 spell: Vhi's Electric Charge
 67930 | Zot:5    | Entered Level 5 of the Realm of Zot
 68444 | Zot:5    | Noticed a dread lich
 68445 | Zot:5    | Noticed an orb of fire
 68446 | Zot:5    | Noticed an orb of fire
 68446 | Zot:5    | Noticed a Killer Klown
 68446 | Zot:5    | Noticed a Killer Klown
 68448 | Zot:5    | Noticed a Killer Klown
 68453 | Zot:5    | Got the Orb of Zot
 68459 | Zot:5    | Noticed an orb of fire
 68460 | Zot:5    | Gained mutation: Your spells are a little easier to cast,
                  | but a little less powerful. [an orb of fire]
 68611 | Zot:1    | Noticed Golimaci the pandemonium lord
 69109 | D:$      | Escaped with the Orb!

Illustrated notes

Levels and vault maps discovered:
D:1:      elethiomel_arrival_shortcut, layout_rooms,
          hangedman_abyss_or_decor_stabs, minmay_hexomino_c4
D:2:      layout_loops_ring, shapermc_ecumenical_altar_pompeii, uniq_robin
D:3:      layout_rooms, overflow_temple_1_default, kennysheep_generic_room_14
D:4:      layout_rooms
D:5:      layout_cave_pools, grunt_qazlal_clouds, nicolae_overflow_squiral,
          nicolae_uskayaw_murder_on_the_dancefloor, minmay_temple_entry_arrows,
          nicolae_nh_ransacked_shop
D:6:      minmay_bubble_buster, layout_cave_pools,
          nicolae_gozag_conspicuous_consumption, dreamdust_princess_corridor
D:7:      layout_basic, nzn_overflow_gifts_of_might_and_magic,
          amcnicky_mini_corridor_feature, uniq_duvessa
D:8:      layout_loops_corners, minmay_guarded_unrand_variability
D:9:      cheibrodos_two_vegetables, layout_cave_pools, elyvilon_altar_5,
          ashenzari_altar_1, minitemple, serial_gnoll_camp,
          gnoll_camp_mini_loothouse, gnoll_camp_huts_moat, gnoll_camp_mini_hut,
          gnoll_camp_mini_hut, serial_shops, nicolae_shop_behind_doors,
          uniq_harold
D:10:     layout_basic, tgw_kikubaaqudgha, due_lair_maze_entry_diamond,
          uniq_erolcha
D:11:     layout_irregular_city
D:12:     layout_loops_corners, orc_0_dummy, serial_demonic, serial_demonic_d,
          serial_demonic_c, serial_demonic_f, serial_demonic_f
D:13:     layout_long_grid, minmay_shop_mass,
          nicolae_hepliaklqana_monster_ancestors
D:14:     layout_stronghold, david_vaults_3, minivault_11, uniq_frances,
          uniq_nessos, uniq_jorgrun, uniq_rupert
D:15:     grunt_enter_depths_snipers, layout_long_grid
Temple:   hellmonk_temple_forest_ring
Lair:1:   layout_cave_pods, serial_bayou_shore_a, grunt_megastairs_4
Lair:2:   layout_chaotic_city, swamp_mist_pool, nicolae_snake_entry_squirm,
          serial_bayou_shore_b, uniq_amaemon
Lair:3:   layout_cave_pods
Lair:4:   layout_cave_pods, special_room [special_room_bee], grunt_megastairs_5,
          infiniplex_staircase_pool_2, lemuel_fruit_fields
Lair:5:   hellmonk_lair_end_abyssal_woods, layout_cave_pods, slime_entry_1,
          serial_bayou_shore_b, lemuel_fruit_fields
Swamp:1:  layout_falls_marsh, ebering_ghost_xom, evilmike_swamp_ruin_house_5
Swamp:2:  nicolae_swamp_ascending_descending, layout_falls_marsh,
          serial_swamp_ruin, evilmike_swamp_ruin_rubble_1,
          hangedman_swamp_ruin_wall
Swamp:3:  layout_falls_marsh, hangedman_swamp_blocks, swamp_pool5, uniq_louise
Swamp:4:  swamp, layout_basic_swamp, uniq_kirke
Snake:1:  layout_layer_cave, nrook_loot_triangle, uniq_donald
Snake:2:  nicolae_snake_crotalidae_crossing, layout_layer_cave,
          ebering_ghost_inner_flame, nicolae_snake_gridmaze_entwining,
          uniq_aizul
Snake:3:  layout_grid_maze
Snake:4:  grunt_snake_rune_spirals, layout_onion, minmay_snake_pond
Orc:1:    nicolae_orc_accident_1, layout_caves, serial_shops,
          nicolae_shop_bloodbath_and_beyond
Orc:2:    st_orc_ogre_mass, layout_caves
Elf:1:    minmay_elf_arrival_summoners, layout_gridlike,
          portal_ice_cave_entry_ugly_swarm, minmay_elf_sorcery
Elf:2:    elven_hall_of_blades_hangedman_original [nicolae_blade_tridents],
          layout_geoelf_grid
Elf:3:    grunt_elf_hall_asides, layout_onion_city, minmay_shop_grove,
          uniq_roxanne
Vaults:1: v_misc_10, st_star, grunt_vaults_hallway_long, vaults_room_corners,
          vaults_room_pools, nicolae_vaults_network_star,
          nicolae_vaults_little_squares_2, grunt_vaults_funnel,
          ontoclasm_vaults_fault, nicolae_vaults_mini_display_case,
          layout_vaults_ring
Vaults:2: nicolae_vaults_little_squares_2, minmay_crypt_entry_necro_gods,
          v_misc_28, vaults_room_door_ring, nicolae_vaults_circle_grid_b,
          v_misc_12, ontoclasm_vaults_decontamination, nicolae_vaults_asterisk,
          grunt_tower_of_power, v_rooms_5, nicolae_vaults_little_squares_6,
          ontoclasm_vaults_chip, layout_vaults_maze_bifur,
          nicolae_trove_entry_path_of_doom, serial_shops, bzr_entry_dummy
Vaults:3: hellmonk_ghost_happy_afterlife, vaults_room_stairs_pillars,
          nicolae_vaults_specimen_jars, vaults_dpeg_emergency_exit,
          nicolae_vaults_what_the_h, vaults_room_octagon, hangedman_vaults_hat,
          vaults_room_grid, vaults_room_door_hall,
          nicolae_vaults_border_crossing, hangedman_vaults_maws,
          vaults_room_hallway, vaults_room_fours, layout_vaults_omnicross,
          uniq_asterion
Vaults:4: vaults_standard_mumra_x, vaults_mumra_hex, v_pattern_2,
          vaults_room_hallway, nicolae_vaults_three_branches,
          vaults_room_door_hall, hangedman_vaults_impose,
          ontoclasm_vaults_pinch, nicolae_vaults_sealed_display,
          ontoclasm_vaults_gateway, vaults_room_semicircle,
          layout_vaults_omnigrid
Vaults:5
Depths:1: layout_honeycomb, rand_demon_pan_entry_3, roderic_st_hans_cross,
          hell_entry, zin_treasury, minmay_shop_star
Depths:2: hangedman_cross_cluster, layout_honeycomb, hell_entry,
          glass_columns_b, grunt_pan_entry_in_and_out
Depths:3: minmay_crescents, layout_gridville, minmay_room_of_horrors,
          hell_entry, nrook_pool_corridor, serial_shops, nicolae_shop_waterfront
Depths:4: grunt_zot_entry_tricorne, layout_gridlike, enter_ziggurat_f,
          serial_sigils_hangedman_gnaw, hell_entry, abyss_entry_crystal,
          grunt_decor_cap, uniq_frederick, uniq_xtahua
Zot:1:    layout_misc_corridors
Zot:2:    layout_misc_corridors, st_stairs_14, door_vault
Zot:3:    layout_gridlike, uniq_parghit
Zot:4:    layout_onion, st_single_dragon_hoard_4
Zot:5:    layout_misc_corridors

Skill      XL: |  1  2  3  4  5  6  7  8  9 10 11 12 13 14 15 16 17 18 19 20 21 22 23 24 25 |
---------------+----------------------------------------------------------------------------+-----
Spellcasting   | 5 6 7 8 9 10 11 12 13 14 15 16 17 18 | 18.4
Invocations    | 1 2 3 4 5 6 7 8 9 10 11 12 13 14 15 16 17 18 19 | 19.3
Fighting       | 1 2 3 5 6 7 8 9 10 11 12 13 14 15 16 17 | 17.8
Short Blades   | 1 2 3 5 6 7 8 9 10 11 12 13 14 15 16 17 | 17.8
Long Blades    | 1 2 3 5 6 7 8 9 10 11 12 13 14 15 16 17 | 17.8
Axes           | 1 2 3 5 6 7 8 9 10 11 12 13 14 15 16 17 | 17.8
Maces & Flails | 1 2 3 5 6 7 8 9 10 11 12 13 14 15 16 17 | 17.8
Polearms       | 1 2 3 5 6 7 8 9 10 11 12 13 14 15 16 17 | 17.8
Staves         | 1 2 3 5 6 7 8 9 10 11 12 13 14 15 16 17 | 17.8
Ranged Weapons | 1 2 3 5 6 7 8 9 10 11 12 13 14 15 16 17 | 17.8
Throwing       | 1 2 3 5 6 7 8 9 10 11 12 13 14 15 16 17 | 17.8
Armour         | 1 2 3 5 6 7 8 9 10 11 12 13 14 15 16 17 | 17.8
Shields        | 1 2 3 5 6 7 8 9 10 11 12 13 14 15 16 17 | 17.8
Unarmed Combat | 1 2 3 5 6 7 8 9 10 11 12 13 14 15 16 17 | 17.8
Evocations     | 1 2 3 5 6 7 8 9 10 11 12 13 14 15 16 17 | 17.8
Conjurations   | 1 2 3 4 5 6 7 8 9 10 11 12 13 14 15 | 15.2
Hexes          | 1 2 3 4 5 6 7 8 9 10 11 12 13 14 15 | 15.2
Summonings     | 1 2 3 4 5 6 7 8 9 10 11 12 13 14 15 | 15.2
Necromancy     | 1 2 3 4 5 6 7 8 9 10 11 12 13 14 15 | 15.2
Translocations | 1 2 3 4 5 6 7 8 9 10 11 12 13 14 15 | 15.2
Transmutations | 1 2 3 4 5 6 7 8 9 10 11 12 13 14 15 | 15.2
Fire Magic     | 1 2 3 4 5 6 7 8 9 10 11 12 13 14 15 | 15.5
Air Magic      | 1 2 3 4 5 6 7 8 9 10 11 12 13 14 15 | 15.2
Earth Magic    | 1 2 3 4 5 6 7 8 9 10 11 12 13 14 15 | 15.2
Poison Magic   | 1 2 3 4 5 6 7 8 9 10 11 12 13 14 15 | 15.2
Dodging        | 5 6 7 8 9 10 11 12 13 14 15 16 17 18 | 18.3
Stealth        | 5 6 7 8 9 10 11 12 13 14 15 16 17 18 | 18.2
Ice Magic      | 8 9 10 11 12 13 14 15 16 | 16.6

Action                   |  1- 3 |  4- 6 |  7- 9 | 10-12 | 13-15 | 16-18 | 19-21 | 22-24 | 25-27 || total
-------------------------+-------+-------+-------+-------+-------+-------+-------+-------+-------++-------
Melee: Dagger            |    29 |    13 |       |       |       |       |       |       |       ||    42
       Bite              |     6 |     5 |     6 |     6 |     6 |     8 |    16 |    25 |    20 ||    98
       Spear             |       |    73 |    47 |    43 |    33 |       |       |       |       ||   196
       Trishula          |       |       |       |       |       |    26 |       |       |       ||    26
       Staff             |       |       |       |       |       |    15 |    74 |   100 |    70 ||   259
       Unarmed           |       |       |       |       |       |       |    22 |       |       ||    22
Throw: Dart              |       |       |     5 |     3 |     3 |     3 |       |     3 |     1 ||    18
       Boomerang         |       |       |       |     1 |     2 |       |       |       |       ||     3
 Cast: Freeze            |    33 |     1 |    28 |       |     8 |       |       |       |       ||    70
       Frozen Ramparts   |     3 |    19 |    28 |    18 |    16 |    13 |       |       |       ||    97
       Ozocubu's Armour  |       |     3 |     9 |     6 |     8 |     2 |     1 |       |       ||    29
       Stone Arrow       |       |       |    72 |   125 |   321 |   592 |   159 |       |       ||  1269
       Summon Ice Beast  |       |       |       |    19 |    34 |    14 |       |       |       ||    67
       Olgreb's Toxic Ra |       |       |       |    90 |   155 |    25 |       |       |       ||   270
       Iskenderun's Batt |       |       |       |     1 |       |       |       |       |       ||     1
       Irradiate         |       |       |       |       |     6 |    75 |    46 |    50 |    14 ||   191
       Fireball          |       |       |       |       |       |    80 |    61 |     3 |       ||   144
       Conjure Ball Ligh |       |       |       |       |       |       |   347 |    75 |       ||   422
       Statue Form       |       |       |       |       |       |       |    63 |    92 |    29 ||   184
       Orb of Destructio |       |       |       |       |       |       |    24 |    15 |       ||    39
       Iron Shot         |       |       |       |       |       |       |       |   292 |   126 ||   418
       Spellforged Servi |       |       |       |       |       |       |       |    75 |    38 ||   113
       Passwall          |       |       |       |       |       |       |       |     3 |     1 ||     4
       Apportation       |       |       |       |       |       |       |       |       |     3 ||     3
Invok: Cleansing Flame   |       |       |       |       |     2 |     2 |       |     1 |       ||     5
       Brand Weapon With |       |       |       |       |     1 |       |       |       |       ||     1
       Divine Shield     |       |       |       |       |       |     4 |     3 |     2 |     1 ||    10
       Summon Divine War |       |       |       |       |       |     3 |       |     2 |       ||     5
 Abil: End Transformatio |       |       |       |       |       |       |     1 |       |     4 ||     5
Evoke: Wand              |       |       |       |     5 |     2 |     3 |     4 |     5 |     4 ||    23
       Box of beasts     |       |       |       |       |       |     1 |       |       |       ||     1
       Lightning rod     |       |       |       |       |       |       |     4 |       |       ||     4
       Tin of tremorston |       |       |       |       |       |       |       |     4 |       ||     4
       Phantom mirror    |       |       |       |       |       |       |       |     1 |       ||     1
  Use: Scroll            |     2 |     2 |     7 |    19 |     5 |     9 |    10 |     2 |    17 ||    73
       Potion            |       |       |       |     2 |     2 |       |     1 |       |     7 ||    12
 Stab: Sleeping          |     3 |     6 |       |       |       |       |       |       |       ||     9
Armor: Robe              |     4 |     8 |     5 |    16 |       |       |       |       |       ||    33
       Steam dragon scal |       |       |       |    11 |    71 |   107 |       |       |       ||   189
       Swamp dragon scal |       |       |       |       |       |    48 |    28 |       |       ||    76
       Leather armour    |       |       |       |       |       |       |    25 |     6 |     1 ||    32
       Skin              |       |       |       |       |       |       |   224 |   270 |   125 ||   619
Dodge: Dodged            |    29 |    40 |    57 |    88 |   217 |   247 |   387 |   634 |   370 ||  2069
Block: Buckler           |       |    16 |    35 |    47 |   121 |    43 |       |       |       ||   262
       Kite shield       |       |       |       |       |       |   251 |   520 |   611 |   267 ||  1649
       Reflection        |       |       |       |       |       |    31 |       |       |       ||    31

Table legend: (Time is in decaauts)
 A = Elapsed time spent in this place.
 B = Non-inter-level travel time spent in this place.
 C = Inter-level travel time spent in this place.
 D = Time resting spent in this place.
 E = Time spent auto-exploring this place.
 F = Levels seen in this place.
 G = Mean time per level.
                   A        B        C        D        E       F      G
               +--------+--------+--------+--------+--------+-----+--------+
         Total |  73961 |  69425 |   4536 |  14069 |  41221 |  49 | 1509.4 |
       Dungeon |  17880 |  16345 |   1535 |   2467 |  10856 |  15 | 1192.0 |
        Temple |    176 |    151 |     25 |      0 |    140 |   1 |  176.0 |
          Lair |   7490 |   7079 |    411 |    953 |   5005 |   5 | 1498.0 |
         Swamp |   4609 |   4385 |    224 |   1586 |   1827 |   4 | 1152.2 |
     Snake Pit |   9756 |   9382 |    374 |   2266 |   5648 |   4 | 2439.0 |
  Orcish Mines |   2000 |   1797 |    203 |    330 |   1184 |   2 | 1000.0 |
   Elven Halls |   6927 |   6404 |    523 |   1538 |   3367 |   3 | 2309.0 |
        Vaults |  14697 |  14129 |    568 |   2885 |   7750 |   5 | 2939.4 |
        Depths |   8072 |   7605 |    467 |   1066 |   5106 |   4 | 2018.0 |
           Zot |   2217 |   2014 |    203 |    977 |    282 |   5 |  443.4 |
        Bazaar |    132 |    132 |      0 |      0 |     53 |   1 |  132.0 |
               +--------+--------+--------+--------+--------+-----+--------+

Top non-repeatable levels by time:
   Elf:3: 3514 daAuts
Vaults:5: 3466 daAuts
Vaults:1: 3252 daAuts
Vaults:2: 2880 daAuts
 Snake:4: 2687 daAuts
Vaults:3: 2679 daAuts
 Snake:1: 2642 daAuts
Vaults:4: 2418 daAuts
 Snake:3: 2252 daAuts
   Elf:1: 2238 daAuts
Depths:1: 2211 daAuts
Depths:4: 2204 daAuts
 Snake:2: 2172 daAuts
Depths:2: 2134 daAuts
  Lair:5: 2088 daAuts
